 Dungeon Crawl Stone Soup version 0.15.1-3-g1b33baa (webtiles) character file.

5761 Johnny the Chiller (level 10, 0/81 HPs)
             Began as a Demigod Ice Elementalist on Oct 10, 2014.
             Killed by nerve-wracking pain
             ... invoked by a shadow imp
              (3 damage)
             ... on Level 10 of the Dungeon.
             The game lasted 00:31:38 (10775 turns).

Johnny the Chiller (Demigod Ice Elementalist)      Turns: 10775, Time: 00:31:38

HP   0/81        AC 17     Str 12      XL: 10   Next: 25%
MP   3/26        EV 10     Int 25      God:
Gold 519         SH  0     Dex 17      Spells:  4 memorised,  8 levels left

rFire  . . .     SeeInvis .     L - +2 morningstar (protect)
rCold  . . .     Clarity  .     P - -1 ring mail (curse)
rNeg   . . .     rCorr    .     (no shield)
rPois  .         rRot     .     O - +2 helmet
rElec  .         Spirit   .     y - +1 cloak
SustAb .         Warding  .     k - +0 pair of gloves
rMut   .         Stasis   .     n - +0 pair of boots
Gourm  +                        o - amulet of the gourmand
MR     +....                    (no ring)
                                l - ring of teleport control

@: very slightly contaminated, somewhat resistant to hostile enchantments,
unstealthy
A: no striking features
a: Evoke Teleport Control


You were on level 10 of the Dungeon.
You were very hungry.

You visited 1 branch of the dungeon, and saw 10 of its levels.

You collected 519 gold pieces.

Inventory:

Hand weapons
 i - a +1 mace of protection
 L - a +2 morningstar of protection (weapon)
Armour
 k - a +0 pair of gloves (worn)
 n - a +0 pair of boots (worn)
 y - a +1 cloak (worn)
 A - a +0 ring mail
 O - a +2 helmet (worn)
 P - a cursed -1 ring mail (worn)
Magical devices
 d - a wand of fire (6)
 x - a wand of draining (3)
 N - a wand of cold (8)
Comestibles
 c - 9 bread rations
 g - 6 meat rations
 h - 2 beef jerkies
 p - 4 rotting chunks of yak flesh
 u - 2 fruits
 Q - a slice of pizza
Scrolls
 e - a scroll of summoning {unknown}
 j - a scroll of magic mapping
 m - 2 scrolls of fear
 s - 2 scrolls of blinking
 t - 2 scrolls of fog
 v - 3 scrolls of recharging
 z - 2 scrolls of enchant armour
 K - a scroll of holy word {unknown}
 M - 2 scrolls of enchant weapon {unknown}
 S - a scroll of remove curse
Jewellery
 l - a ring of teleport control (left hand)
 o - an amulet of the gourmand (around neck)
 w - a cursed ring of teleportation
Potions
 a - 3 potions of curing
 r - a potion of lignification {unknown}
 B - 2 potions of magic {unknown}
 D - 2 potions of might {unknown}
 F - a potion of berserk rage {unknown}
 G - 3 potions of brilliance {unknown}
 J - a potion of haste {unknown}
Books
 b - a book of Frost

   Spells                             Type                      Level
   *Freeze                            Ice                          1
   Throw Frost                        Conjuration/Ice              2
   *Ozocubu's Armour                  Charms/Ice                   3
   *Throw Icicle                      Conjuration/Ice              4
   *Summon Ice Beast                  Ice/Summoning                4
   Condensation Shield                Ice                          4
 f - a book of Air

   Spells                             Type                      Level
   Shock                              Conjuration/Air              1
   Swiftness                          Charms/Air                   2
   Repel Missiles                     Charms/Air                   2
   Flight                             Charms/Air                   3
   Static Discharge                   Conjuration/Air              3
   Lightning Bolt                     Conjuration/Air              5
 H - a book of Cantrips

   Spells                             Type                      Level
   Corona                             Hexes                        1
   Animate Skeleton                   Necromancy                   1
   Summon Small Mammal                Summoning                    1
   Apportation                        Translocation                1


   Skills:
 * Level 5.2 Fighting
 * Level 5.1 Maces & Flails
 + Level 3.3 Armour
 + Level 4.3 Dodging
 + Level 4.5 Stealth
 * Level 5.6 Spellcasting
 - Level 0.8 Conjurations
 + Level 3.0 Charms
 * Level 4.4 Summonings
 * Level 6.1 Ice Magic
 + Level 3.1 Evocations


You had 8 spell levels left.
You knew the following spells:

 Your Spells              Type           Power        Failure   Level  Hunger
a - Freeze                Ice            ####         1%          1    None
b - Summon Ice Beast      Ice/Summ       ####....     14%         4    ###....
c - Ozocubu's Armour      Chrm/Ice       ####....     6%          3    #......
d - Throw Icicle          Conj/Ice       ###.....     30%         4    ###....


Dungeon Overview and Level Annotations

Branches:
Dungeon (10/15)            Temple (0/1) D:6            Lair (0/8) D:10
    Orc: D:9-12

Shops:
D:6 (

Annotations:
D:6 Pikel


Message History

Unknown command.
Drink which item? (? for menu, Esc to quit)
You feel better. Something hits you but does no damage. Something hits you.
* * * LOW HITPOINT WARNING * * *
The shadow imp hits you.
* * * LOW HITPOINT WARNING * * *
The spriggan skeleton hits you.
* * * LOW HITPOINT WARNING * * *
The spriggan skeleton hits your ice beast.
Your ice beast hits the spriggan skeleton.
Your ice beast freezes the spriggan skeleton.
The spriggan skeleton resists.
Read which item? (? for menu, Esc to quit)
Blink to where?
Press: ? - help, Dir - move target cursor
As you read the scroll of blinking, it crumbles to dust.
Something hits your ice beast. The shadow imp gestures at you.
Pain shoots through your body!
You die...

*,,****** #.......##...[
**,* #.....#.##.... *,*
#.....#..#.### *****,*
########.#.# *,,,,,*
#...# *,***** ##..#
*,,,,* #######..# ****,*
**#######........#
*,****,#@'5%Y#.#..##.>#
**,,,,*,#.#.{Z#........#
*,,,,,,,#####Y#........#
**,*,,,,#....Z#........#
*,,,***##...##....8...#
***** #.###.#........#
##.Y.##........#
##.###........#
#...##..#####.#


You could see a shadow imp, 2 spriggan skeletons and 2 friendly ice beasts.

Vanquished Creatures
  A hill giant (D:10)
  4 yaks (D:10)
  A deep elf mage (D:6)
  3 ogres
  A phantom (D:6)
  An ice beast (D:5)
  4 sky beasts
  A centaur (D:10)
  2 giant frogs (D:6)
  A big kobold (D:7)
  A scorpion (D:8)
  2 wights (D:6)
  A centaur zombie (D:5)
  3 crimson imps
  A goliath beetle (D:6)
  A centaur skeleton (D:7)
  5 hounds
  4 orc priests
  An iron imp (D:10)
  3 orc wizards
  8 worker ants
  8 iguanas
  Ijyb (D:4)
  A hound zombie (D:8)
  A worker ant zombie (D:5)
  4 gnolls (D:4)
  An orc zombie (D:9)
  11 adders
  5 worms
  A shadow imp (D:3)
  An iguana zombie (D:9)
  An adder skeleton (D:8)
  An orc skeleton (D:4)
  3 giant geckos
  An ooze (D:2)
  18 orcs
  A giant cockroach (D:3)
  19 hobgoblins
  8 jackals
  20 kobolds
  4 quokkas
  3 ball pythons
  9 bats
  7 giant newts
  A giant newt skeleton (D:4)
  2 giant spores
  14 goblins
  17 rats
  3 ballistomycetes
215 creatures vanquished.

Vanquished Creatures (collateral kills)
  Grinder (D:6)
  A troll (D:10)
  9 yaks
  A wyvern (D:9)
  A hungry ghost (D:10)
  A steam dragon (D:9)
  2 hippogriffs
  2 orc warriors
  An ogre (D:9)
  An ice beast (D:6)
  A slave (D:6)
  A yellow wasp (D:8)
  2 centaurs
  A black bear (D:8)
  A big kobold (D:8)
  4 killer bees (D:9)
  A wight (D:6)
  A spriggan skeleton (D:10)
  3 crimson imps
  A jelly (D:10)
  3 orc priests
  2 goliath beetles
  A gnoll shaman (D:6)
  A centaur skeleton (D:10)
  A worker ant (D:9)
  3 orc wizards
  An elf simulacrum (D:10)
  A big kobold skeleton (D:8)
  A hound skeleton (D:10)
  A mummy (D:9)
  8 gnolls
  A giant mite (D:5)
  A white imp (D:10)
  11 orcs
  2 kobolds
  2 quokkas (D:9)
  4 bats
  5 jackals
  5 ballistomycetes (D:6)
90 creatures vanquished.

Vanquished Creatures (others)
  27 ice beasts
  An orc priest (D:6)
  2 orc wizards (D:6)
  A giant newt (D:6)
  2 giant spores (D:6)
33 creatures vanquished.

Grand Total: 338 creatures vanquished

Notes
Turn   | Place    | Note
--------------------------------------------------------------
     0 | D:1      | Johnny, the Demigod Ice Elementalist, began the quest for the Orb.
     0 | D:1      | Reached XP level 1. HP: 14/14 MP: 3/3
   258 | D:1      | Reached XP level 2. HP: 18/20 MP: 5/5
   870 | D:2      | Reached skill level 1 in Maces & Flails
   904 | D:2      | Reached XP level 3. HP: 15/27 MP: 0/8
  1029 | D:2      | Reached skill level 1 in Fighting
  1215 | D:2      | Reached skill level 3 in Ice Magic
  1215 | D:2      | Reached XP level 4. HP: 31/35 MP: 1/11
  1228 | D:2      | Learned a level 4 spell: Summon Ice Beast
  1677 | D:3      | Reached XP level 5. HP: 34/40 MP: 10/12
  1819 | D:3      | Found a sparkling altar of Nemelex Xobeh.
  1819 | D:3      | Found a glowing silver altar of Zin.
  2139 | D:4      | Reached skill level 1 in Summonings
  2269 | D:4      | Noticed Ijyb
  2280 | D:4      | Killed Ijyb
  2524 | D:4      | Reached XP level 6. HP: 36/48 MP: 10/15
  2663 | D:4      | Learned a level 3 spell: Ozocubu's Armour
  3293 | D:4      | Found a radiant altar of Vehumet.
  3539 | D:4      | Reached skill level 1 in Charms
  3586 | D:4      | Reached XP level 7. HP: 43/55 MP: 15/19
  3691 | D:5      | Entered Level 5 of the Dungeon
  3706 | D:5      | Reached skill level 4 in Ice Magic
  4021 | D:5      | Reached skill level 1 in Armour
  4021 | D:5      | Reached skill level 1 in Evocations
  4686 | D:6      | Found Araylama's Antique Weapon Shop.
  4694 | D:6      | Noticed Grinder
  4721 | D:6      | Found a staircase to the Ecumenical Temple.
  4865 | D:6      | Learned a level 4 spell: Throw Icicle
  4880 | D:6      | Noticed a deep elf mage
  4886 | D:6      | Killed a deep elf mage
  4886 | D:6      | Reached XP level 8. HP: 45/63 MP: 15/21
  5050 | D:6      | Paralysed by Grinder for 4 turns
  5071 | D:6      | Paralysed by Grinder for 2 turns
  5073 | D:6      | Killed Grinder
  5524 | D:6      | Noticed Pikel
  5818 | D:6      | Reached skill level 5 in Ice Magic
  7670 | D:8      | Paralysed by a yellow wasp for 3 turns
  7674 | D:8      | Paralysed by a yellow wasp for 2 turns
  7802 | D:8      | Reached XP level 9. HP: 44/71 MP: 13/23
  8128 | D:8      | Found a snail-covered altar of Cheibriados.
  8187 | D:8      | Found a deep blue altar of Sif Muna.
  8284 | D:8      | Found a glowing golden altar of the Shining One.
  9206 | D:9      | Reached skill level 5 in Spellcasting
  9586 | D:10     | Entered Level 10 of the Dungeon
 10101 | D:10     | Found a staircase to the Lair.
 10156 | D:10     | Noticed a hill giant
 10164 | D:10     | Killed a hill giant
 10164 | D:10     | Reached XP level 10. HP: 53/80 MP: 13/25
 10175 | D:10     | Reached skill level 6 in Ice Magic
 10398 | D:10     | Reached skill level 5 in Fighting
 10488 | D:10     | Reached skill level 5 in Maces & Flails
 10774 | D:10     | HP: 3/81 [spriggan skeleton[a shadow imp] (2)]
 10775 | D:10     | Killed from afar by a shadow imp

Action                   |  1- 3 |  4- 6 |  7- 9 | 10-12 || total
-------------------------+-------+-------+-------+-------++-------
Melee: Mace              |   120 |   149 |   206 |       ||   475
       Club              |     4 |       |       |       ||     4
       Unarmed           |     2 |       |       |       ||     2
       Morningstar       |       |       |   231 |    50 ||   281
 Cast: Freeze            |    25 |    85 |    44 |    16 ||   170
       Summon Ice Beast  |       |     1 |    87 |    16 ||   104
       Throw Icicle      |       |       |    13 |     3 ||    16
Evoke: Wand              |       |       |     4 |     6 ||    10
  Use: Scroll            |       |     3 |    12 |     3 ||    18
       Potion            |       |     1 |     1 |     1 ||     3
 Stab: Sleeping          |     3 |     2 |     4 |       ||     9
       Distracted        |     1 |       |     4 |       ||     5
  Eat: Chunk             |     1 |     9 |    32 |     4 ||    46
       Fruit             |       |       |     9 |       ||     9
